 Dungeon Crawl Stone Soup version 0.32-a0-705-g60f233581c (webtiles) character file.

Game seed: 8003169573095358087

112629 Combs the Warrior (level 16, -8/148 HPs)
             Began as a Minotaur Berserker on Aug 6, 2022.
             Was the Champion of Trog.
             Killed from afar by a deep elf zephyrmancer (24 damage)
             ... with a bolt of lightning
             ... on level 1 of the Elven Halls on Mar 14, 2024.
             The game lasted 01:32:29 (29599 turns).

Combs the Warrior (Minotaur Berserker)             Turns: 29599, Time: 01:32:29

Health: -8/148     AC: 26    Str: 35 (37) XL:     16   Next: 12%
Magic:  15/15      EV: 12    Int:  1 (2)  God:    Trog [******]
Gold:   1130       SH: 19    Dex: 17      Spells: 15/15 levels left

rFire   + + .        S - +7 war axe "Ciyhaili" {speed, Str+4}
rCold   + + .        V - +2 shield of Resistance {rF++ rC++ Will++}
rNeg    . . .        i - +3 plate armour of the Scribe {Regen+ rCorr Int-2 Dex+4}
rPois   .            (helmet restricted)
rElec   .            X - scarf {+Inv}
rCorr   +            Z - +1 pair of gloves
SInv    .            D - +0 pair of boots
Will    +++..        M - amulet of reflection Stlth
                     R - +6 ring of strength
HPRegen 1.24/turn    (no ring)
MPRegen 0.14/turn

%: reflection
@: no status effects
A: horns 2, retaliatory headbutt, deterioration 1, frail 1, mutation resistance
1, inability to drink after injury 1
a: Renounce Religion, Evoke Invisibility, Berserk, Trog's Hand, Brothers in Arms


You were on level 1 of the Elven Halls.
You worshipped Trog.
Trog was exalted by your worship.
You visited 5 branches of the dungeon, and saw 24 of its levels.
You visited 1 bazaar.
You also visited: Ossuary.

You collected 2376 gold pieces.
You spent 1246 gold pieces at shops.

Inventory:

Hand Weapons
 J - a +0 war axe of flaming
 S - the +7 war axe "Ciyhaili" (weapon) {speed, Str+4}
   (You found it on level 4 of the Lair of Beasts)

   Str+4:     It affects your strength (+4).
Missiles
 C - 3 throwing nets
Armour
 i - the +3 plate armour of the Scribe (worn) {Regen+ rCorr Int-2 Dex+4}
   (You bought it in a shop in a bazaar)

   Int-2:     It affects your intelligence (-2).
   Dex+4:     It affects your dexterity (+4).
   Regen+:    It increases your rate of health regeneration.
   rCorr:     It protects you from acid and corrosion.
 o - a +2 buckler
 y - a +0 cloak
 D - a +0 pair of boots (worn)
 G - a +4 ring mail of fire resistance
 O - a +2 hat
 V - the +2 shield of Resistance (worn) {rF++ rC++ Will++}
   (You found it on level 5 of the Lair of Beasts)

   rF++:      It greatly protects you from fire.
   rC++:      It greatly protects you from cold.
   Will++:    It greatly increases your willpower.
 X - a scarf of invisibility (worn)
 Z - a +1 pair of gloves (worn)
Jewellery
 f - a ring of positive energy
 n - a ring of fire
 B - a ring of poison resistance
 M - an amulet of reflection (around neck)
 N - an amulet of the acrobat
 R - a +6 ring of strength (left hand)
Wands
 z - a wand of paralysis (9)
 E - a wand of roots (14)
 P - a wand of flame (1)
 Q - a wand of mindburst (10)
Scrolls
 a - a scroll of silence
 j - 2 scrolls of summoning
 k - 11 scrolls of teleportation
 l - 3 scrolls of identify
 q - 4 scrolls of fear
 s - a scroll of immolation
 v - 7 scrolls of enchant armour
 w - 2 scrolls of enchant weapon {unknown}
 x - a scroll of blinking {unknown}
 A - a scroll of revelation
 F - a scroll of poison
 H - 2 scrolls of acquirement {unknown}
 L - 4 scrolls of amnesia
Potions
 c - 2 potions of berserk rage
 d - 3 potions of enlightenment
 e - 7 potions of lignification
 g - 10 potions of curing
 h - 7 potions of heal wounds
 m - 5 potions of cancellation
 p - 3 potions of ambrosia
 r - 6 potions of attraction
 t - a potion of brilliance
 u - 3 potions of magic
 I - 8 potions of might
 T - a potion of resistance
 W - 2 potions of haste
Miscellaneous
 b - a phial of floods
 Y - a condenser vane


   Skills:
 + Level 20.5 Fighting
 - Level 16.0 Axes
 - Level 19.3 Armour
 * Level 8.3 Dodging
 + Level 3.6 Stealth
 - Level 10.0 Shields


You had 15 spell levels left.
You didn't know any spells.
Your spell library was empty.

Dungeon Overview and Level Annotations

Branches:
Dungeon (15/15)            Temple (0/1) D:5            Lair (5/5) D:8
 Shoals (0/4) Lair:3       Spider (1/4) Lair:2        Slime (0/5) Lair:5
    Orc (2/2) D:10            Elf (1/3) Orc:2        Vaults (0/5) D:14
Ossuary (visited)
 Depths: D:15

Altars:
Ashenzari
Fedhas
Gozag
Hepliaklqana
Kikubaaqudgha
Nemelex Xobeh
Okawaru
Qazlal
Ru
Uskayaw
Vehumet
Wu Jian
Xom
Yredelemnul
Zin
The Shining One
Beogh

Shops:
D:1 :   D:7 :   D:8 [(   D:10 (   D:11 *   D:12 *   D:13 *   Orc:2 (*:*

Annotations:
Lair:3 exclusion: oklob plant
Lair:4 2 transporters, Xutikh's ghost, journeyman SpCA
Orc:1 2 runed translucent doors, exclusion: orange crystal statue


Innate Abilities, Weirdness & Mutations

You have a pair of horns on your head.
You reflexively headbutt those who attack you in melee.
Your body sometimes deteriorates upon taking damage.
You are frail. (-10% HP)
You are somewhat resistant to further mutation.
You occasionally lose the ability to drink potions when taking damage.


Message History

Trog appreciates your killing of a magic user.
Your skin crawls.
You feel strong-willed.
The deep elf zephyrmancer casts a spell at you.
The bolt of lightning misses you.
You feel the effects of Trog's Hand fading.
Things that are here:
a +1 long sword of holy wrath; an elf corpse You slice the deep elf zephyrmancer!!
The deep elf zephyrmancer is heavily wounded.
You slice the deep elf zephyrmancer!!
You kill the deep elf zephyrmancer!
Trog accepts your kill.
Trog appreciates your killing of a magic user.
Things that are here:
a +0 rapier; a +0 leather armour The deep elf zephyrmancer casts a spell at you.
The bolt of lightning hits you!
* * * LOW HITPOINT WARNING * * *
The deep elf zephyrmancer casts a spell at you.
The bolt of lightning hits you!
* * * LOW HITPOINT WARNING * * *
Things that are here:
a +0 rapier; a +0 leather armour
Things that are here:
a +1 long sword of holy wrath; an elf corpse You completely miss the deep elf zephyrmancer.
You slash the deep elf zephyrmancer!
The deep elf zephyrmancer is lightly wounded.
Your skin stops crawling.
You feel less strong-willed.
The deep elf zephyrmancer mumbles some strange words.
The deep elf zephyrmancer blinks!
You feel much better.
The deep elf zephyrmancer casts a spell at you.
The bolt of lightning hits you!!
* * * LOW HITPOINT WARNING * * *
You hear a shout!
The deep elf zephyrmancer casts a spell at you.
The bolt of lightning hits you!!
You die...

..§e...###).)$...#.....#
#..))#....#####.....#
#))$####...'.....#
#.)..#######'...##
#.)...#####.###'###
##|).#.##..#....[..
#e).##............
#.#.##..##########
#@#.##..#.......#.
#)#.#.#.#.###...##
#########§#..##.#.#.#.##.#
#..........+###.#.#.#..##.
#.#.###.....###.#.#.......
#...'.#.....+...#.....#...
#...###..>..###.###.#....)
#.ß.# ##...## #.#.#.#.....
#...# ##### #.#.#.##)[.)


You could see a deep elf zephyrmancer.

Vanquished Creatures
  Saint Roka (Orc:2)
  Jorgrun (Elf:1)
  Rupert (D:14)
  Gastronok (Lair:1)
  An acid blob (Lair:5)
  Kirke (Lair:5)
  A deep elf sorcerer (Elf:1)
  Snorg (D:10)
  The ghost of DunceCap the Cleaver, a journeyman MiFi of Uskayaw (D:12)
  The ghost of OhItsWolfy the Skirmisher, a journeyman MiHu of Okawaru (D:9)
  A vault guard (D:14)
  8 hydras
  4 ogre magi (Orc:2)
  2 catoblepae
  A rakshasa (D:14)
  5 centaur warriors (D:14)
  7 two-headed ogres
  2 boulder beetles (D:14)
  4 dancing weapons (Elf:1)
  3 tengu warriors (D:14)
  9 death yaks
  5 orc high priests (Orc:2)
  A deep troll shaman (Lair:5)
  6 deep elf knights (Elf:1)
  A fire crab (shapeshifter) (D:14)
  3 skeletal warriors (D:12)
  Lodul (D:14)
  Amaemon (D:10)
  2 lindwurms
  3 deep elf archers (Elf:1)
  2 occultists (D:10)
  10 deep elf zephyrmancers
  9 deep elf pyromancers (Elf:1)
  3 orc sorcerers
  2 cyclopes
  10 ugly things (D:14)
  3 manticores
  13 elephants
  3 kobold blastminers
  Joseph (D:7)
  An orange demon (D:10)
  Maggie (D:7)
  A black mamba (Lair:3)
  9 cane toads
  2 gargoyles (D:11)
  An unseen horror (D:11)
  3 kobold demonologists (D:12)
  4 rime drakes
  7 komodo dragons
  A tengu conjurer (D:14)
  Prince Ribbit (D:6)
  3 hornets
  4 polar bears
  4 meliai
  4 trolls
  Grinder (D:6)
  A wolf spider simulacrum (D:14)
  A tarantella (shapeshifter) (D:14)
  9 blink frogs (Lair:1)
  11 slime creatures
  A centaur simulacrum (D:14)
  46 yaks
  7 wyverns
  A fire elemental (Elf:1)
  4 hogs (Lair:5)
  2 wraiths
  A shadow (D:10)
  4 basilisks
  Grum (Lair:1)
  12 wargs
  3 vampire mosquitoes (D:12)
  Edmund (D:5)
  2 acid dragons
  13 water moccasins
  A sky beast (D:7)
  10 orc warriors
  6 black bears
  3 ice beasts
  18 ogres
  6 centaurs
  18 wolves
  2 kobold brigands
  2 elf zombies (Ossuary)
  11 bullfrogs
  4 scorpions
  3 gnoll sergeants
  12 wights
  9 killer bees
  2 electric eels
  5 howler monkeys
  2 hounds (D:6)
  2 human zombies (Ossuary)
  2 jellies
  3 gnoll boudas
  Crazy Yiuf (D:3)
  21 orc priests
  14 orc wizards
  Ijyb (D:5)
  5 iguanas
  2 mummies (Ossuary)
  17 gnolls
  13 adders
  A white imp (D:7)
  An ufetubus (D:5)
  3 adder zombies (Ossuary)
  3 ribbon worms
  4 dart slugs
  61 orcs
  3 ball pythons
  6 endoplasms
  8 giant cockroaches
  5 goblins
  8 hobgoblins
  3 jackals (D:5)
  3 quokkas
  5 bats
  A frilled lizard (D:2)
  2 goblin zombies (Ossuary)
  8 hobgoblin zombies (Ossuary)
  A jackal zombie (Ossuary)
  18 kobolds
  7 kobold zombies (Ossuary)
  6 orc zombies (Ossuary)
  9 rats
  A rat zombie (Ossuary)
664 creatures vanquished.

Vanquished Creatures (collateral kills)
  A catoblepas (Lair:5)
  The ghost of peter4 the Skirmisher, a novice GnHu of Cheibriados (D:10)
  2 death yaks (Lair:5)
  A moth of wrath (D:10)
  3 wyverns (D:10)
8 creatures vanquished.

Vanquished Creatures (others)
  A gnoll (D:11)
1 creature vanquished.

Grand Total: 673 creatures vanquished

Notes
Turn   | Place    | Note
-------+----------+-------------------------------------------
     0 | D:1      | Combs the Minotaur Berserker began the quest for the Orb.
     0 | D:1      | Reached XP level 1. HP: 19/19 MP: 0/0
   198 | D:1      | Reached XP level 2. HP: 27/27 MP: 1/1
   595 | D:1      | Reached skill level 4 in Fighting
   781 | D:1      | Found Tehopan's Book Boutique.
   849 | D:1      | Reached ** piety under Trog
   850 | D:1      | Reached XP level 3. HP: 33/33 MP: 2/2
  1619 | D:2      | Reached XP level 4. HP: 25/41 MP: 3/3
  1771 | D:2      | Reached skill level 5 in Axes
  1938 | D:2      | Found a faded altar of an unknown god.
  2669 | D:3      | Identified the +0 leather armour "Bidennyc" {rElec rF+
                  | Str+5 Slay-6}
  3076 | D:3      | Found a runed translucent door.
  3077 | D:3      | Noticed Crazy Yiuf
  3328 | D:3      | Killed Crazy Yiuf
  3329 | D:3      | Reached XP level 5. HP: 47/47 MP: 4/4
  3460 | D:4      | Found a sand-covered staircase.
  3465 | Ossuary  | Entered an ossuary
  3577 | Ossuary  | Reached *** piety under Trog
  3616 | Ossuary  | Reached skill level 1 in Shields
  3717 | Ossuary  | Reached skill level 5 in Fighting
  3717 | Ossuary  | Reached XP level 6. HP: 19/56 MP: 5/5
  4530 | D:4      | Found an ornate altar of the Wu Jian Council.
  4827 | D:5      | Entered Level 5 of the Dungeon
  4833 | D:5      | Reached XP level 7. HP: 61/61 MP: 6/6
  4900 | D:5      | Noticed Edmund
  4906 | D:5      | Killed Edmund
  5166 | D:5      | Noticed Ijyb
  5173 | D:5      | Found a sacrificial altar of Ru.
  5198 | D:5      | Found a staircase to the Ecumenical Temple.
  5565 | D:5      | Killed Ijyb
  6448 | D:6      | Reached skill level 6 in Fighting
  6448 | D:6      | Reached skill level 5 in Shields
  6448 | D:6      | Reached XP level 8. HP: 70/70 MP: 7/7
  6796 | D:6      | Noticed Prince Ribbit
  6820 | D:6      | Killed Prince Ribbit
  7029 | D:6      | Noticed Grinder
  7049 | D:6      | Killed Grinder
  7050 | D:6      | Reached skill level 7 in Fighting
  7162 | D:6      | Reached skill level 10 in Axes
  7162 | D:6      | Reached XP level 9. HP: 77/79 MP: 8/8
  7344 | D:6      | Reached skill level 5 in Armour
  7478 | D:6      | Found a glowing golden altar of the Shining One.
  8029 | D:7      | Noticed Maggie
  8193 | D:7      | Reached skill level 8 in Fighting
  8642 | D:7      | Reached **** piety under Trog
  8696 | D:7      | Killed Maggie
  8705 | D:7      | Reached skill level 9 in Fighting
  8708 | D:7      | Reached XP level 10. HP: 73/91 MP: 9/9
  8719 | D:7      | Noticed Joseph
  8737 | D:7      | Killed Joseph
  8860 | D:7      | Found a hazy altar of Hepliaklqana.
  9030 | D:7      | Found Miumeufeym's Tremendous Tomes.
 10154 | D:8      | Noticed a cyclops
 10187 | D:7      | Killed a cyclops
 10293 | D:8      | Found a staircase to the Lair.
 10392 | D:8      | Found a basalt altar of Yredelemnul.
 10394 | D:8      | Found a hide-covered altar of Uskayaw.
 10400 | D:8      | Found a shimmering altar of Xom.
 10402 | D:8      | Found an ancient bone altar of Kikubaaqudgha.
 10404 | D:8      | Found a glowing silver altar of Zin.
 10409 | D:8      | Found a sparkling altar of Nemelex Xobeh.
 10617 | D:8      | Found a broken altar of Ashenzari.
 10621 | D:8      | Saw a vision of the Shoals and the Spider Nest.
 10621 | D:8      | Noticed a cyclops
 10621 | D:8      | Noticed a wolf spider
 10621 | D:8      | Noticed a radroach
 10621 | D:8      | Noticed an entropy weaver
 10621 | D:8      | Noticed a sea snake
 10621 | D:8      | Noticed a harpy
 10621 | D:8      | Noticed a pharaoh ant
 10621 | D:8      | Noticed a merfolk impaler
 10622 | D:8      | Noticed a wolf spider
 10622 | D:8      | Noticed a steelbarb worm
 10626 | D:8      | Noticed a steelbarb worm
 10627 | D:8      | Found Guacwus's Antique Weapon Shop.
 10715 | D:8      | Noticed a two-headed ogre
 10723 | D:8      | Killed a two-headed ogre
 10724 | D:8      | Reached skill level 10 in Fighting
 10839 | D:8      | Found Tazupt's Antique Armour Emporium.
 11469 | Lair:1   | Entered Level 1 of the Lair of Beasts
 11469 | Lair:1   | Noticed a cane toad
 11469 | Lair:1   | Noticed a six-headed hydra
 11684 | D:9      | Paralysed by a hornet for 3 turns
 11692 | D:9      | Paralysed by a hornet for 1 turns
 12012 | D:9      | Reached XP level 11. HP: 101/101 MP: 10/10
 12199 | D:9      | Found a large runed translucent door.
 12200 | D:9      | Found a large runed translucent door.
 12202 | D:9      | Noticed OhItsWolfy's ghost (journeyman MiHu)
 12529 | D:9      | Found a radiant altar of Vehumet.
 12653 | D:9      | Killed OhItsWolfy's ghost
 12661 | D:9      | Identified the +6 halberd of Truth {freeze, rPois rN+ rCorr
                  | Str-2}
 13320 | D:10     | Entered Level 10 of the Dungeon
 13372 | D:10     | Reached skill level 11 in Fighting
 13723 | D:10     | Noticed Snorg
 13735 | D:10     | Killed Snorg
 13736 | D:10     | Reached skill level 15 in Axes
 13969 | D:10     | Found a blossoming altar of Fedhas.
 13971 | D:10     | Found a stormy altar of Qazlal.
 13984 | D:10     | Found Hafuhoe's Antique Weapon Emporium.
 14003 | D:10     | Found a transporter.
 14022 | D:10     | Noticed Amaemon
 14032 | D:10     | Noticed peter4's ghost (novice GnHu)
 14041 | D:10     | Found a transporter.
 14432 | D:10     | Killed Amaemon
 14676 | D:10     | Noticed a wizard
 14682 | D:10     | Noticed a deep elf zephyrmancer
 14887 | Lair:1   | Killed a three-headed hydra
 14888 | Lair:1   | Reached skill level 10 in Armour
 15326 | Lair:1   | Noticed a catoblepas
 15340 | Lair:1   | Killed a catoblepas
 15420 | Lair:1   | Reached skill level 12 in Fighting
 15508 | Lair:1   | Noticed Grum
 15593 | Lair:1   | Killed Grum
 15638 | Lair:1   | Reached XP level 12. HP: 88/112 MP: 11/11
 15828 | Lair:1   | Noticed a five-headed hydra
 15837 | Lair:1   | Killed a one-headed hydra
 16102 | Lair:1   | Noticed Gastronok
 16116 | Lair:1   | Killed Gastronok
 16117 | Lair:1   | Reached skill level 13 in Fighting
 16512 | Lair:2   | Reached skill level 14 in Fighting
 17118 | Lair:2   | Found a hole to the Spider Nest.
 17909 | Lair:3   | Found a staircase to the Shoals.
 17968 | Lair:3   | Noticed an eight-headed hydra
 17991 | Lair:3   | Killed a four-headed hydra
 18629 | Lair:3   | Found a sacrificial altar of Ru.
 18658 | Lair:3   | Reached XP level 13. HP: 117/125 MP: 12/12
 18752 | Lair:3   | Reached skill level 15 in Fighting
 19289 | Lair:4   | Found a transporter.
 19346 | Lair:4   | Identified the +7 war axe "Ciyhaili" {speed, Str+4}
 19430 | Lair:4   | Noticed Xutikh's ghost (journeyman SpCA)
 19443 | Lair:4   | Found a transporter.
 20263 | Lair:5   | Entered Level 5 of the Lair of Beasts
 20333 | Lair:5   | Reached ***** piety under Trog
 20465 | Lair:5   | Reached skill level 15 in Armour
 20493 | Lair:5   | Reached skill level 16 in Fighting
 20804 | Lair:5   | Found a runed translucent door.
 20805 | Lair:5   | Found a staircase to the Slime Pits.
 20806 | Lair:5   | Noticed an acid blob
 20827 | Lair:5   | Killed an acid blob
 21037 | Lair:5   | Reached skill level 17 in Fighting
 21602 | Lair:5   | Reached XP level 14. HP: 39/140 MP: 13/13
 21853 | Lair:5   | Found the +2 shield of Resistance {rF++ rC++ Will++}
 22231 | Lair:5   | Noticed Kirke
 22255 | Lair:5   | Killed Kirke
 22499 | D:8      | Upgraded the game from 0.29-a0-998-g1987434951 to
                  | 0.30-a0-377-g5cb311bc9f
 22519 | D:8      | Upgraded the game from 0.30-a0-377-g5cb311bc9f to
                  | 0.32-a0-705-g60f233581c
 22700 | Spider:1 | Entered Level 1 of the Spider Nest
 23119 | D:10     | Found a staircase to the Orcish Mines.
 23196 | D:10     | Found an opulent altar of Gozag.
 23324 | D:10     | Found an iron altar of Okawaru.
 23883 | D:11     | Found Lagh's Overcharged Wands.
 24600 | D:12     | Found Veatrul's Assorted Antiques.
 24622 | D:12     | Identified the +1 hand axe "Fafater" {antimagic, rF+ Str-3
                  | Stlth+} (Trog gifted it to you on level 12 of the Dungeon)
 24622 | D:12     | Received a gift from Trog
 24680 | D:12     | Identified the +2 robe of Leapfrog {*Slow rF+++ Regen+
                  | Slay+2}
 24705 | D:12     | Reached skill level 18 in Fighting
 24816 | D:10     | Killed peter4's ghost
 25372 | D:12     | Found a runed translucent gate.
 25373 | D:12     | Found a runed translucent gate.
 25373 | D:12     | Found a runed translucent gate.
 25374 | D:12     | Noticed DunceCap's ghost (journeyman MiFi)
 25404 | D:12     | Killed DunceCap's ghost
 25430 | D:13     | Found Jolodoan's Assorted Antiques.
 25450 | D:13     | You fall into a shaft and drop 2 floors!
 25450 | D:15     | Entered Level 15 of the Dungeon
 25501 | D:14     | Noticed Lodul
 25510 | D:14     | Killed Lodul
 25735 | D:14     | Noticed Rupert
 25745 | D:14     | Killed Rupert
 25751 | D:14     | Reached skill level 10 in Shields
 26044 | D:14     | Reached XP level 15. HP: 139/150 MP: 14/14
 26072 | D:14     | Reached skill level 19 in Fighting
 26077 | D:14     | Found a gate to the Vaults.
 26698 | Orc:1    | Entered Level 1 of the Orcish Mines
 26903 | Orc:1    | Found the +10 tower shield of Ignorance {rN+ Int-4}
 26909 | Orc:1    | Found a runed translucent door.
 26931 | Orc:1    | Gained mutation: You are dopey. (Int -2) [potion of
                  | mutation]
 26931 | Orc:1    | Gained mutation: You are frail. (-10% HP) [potion of
                  | mutation]
 26931 | Orc:1    | Gained mutation: You have large cloven feet. [potion of
                  | mutation]
 26932 | Orc:1    | Lost mutation: You have large cloven feet. [potion of
                  | mutation]
 26932 | Orc:1    | Lost mutation: You are frail. (-10% HP) [potion of
                  | mutation]
 27021 | Orc:1    | Found a runed translucent door.
 27511 | Orc:2    | Entered Level 2 of the Orcish Mines
 27511 | Orc:2    | Found a staircase to the Elven Halls.
 27845 | Orc:2    | Found a roughly hewn altar of Beogh.
 27858 | Orc:2    | HP: 2/154 [orc high priest/divine providence (14)]
 28117 | Orc:2    | Noticed Saint Roka
 28135 | Orc:2    | Killed Saint Roka
 28135 | Orc:2    | Received a gift from Trog
 28350 | Orc:2    | Found a flickering gateway to a bazaar.
 28398 | Orc:2    | Found Soanuuhas's Antique Weapon Shop.
 28619 | Orc:2    | Found Daetseac's Assorted Antiques.
 28632 | Orc:2    | Found Otroe's Book Shop.
 28637 | Orc:2    | Reached skill level 5 in Dodging
 28645 | Orc:2    | Reached skill level 20 in Fighting
 28763 | Orc:2    | Found Ihecuena's Assorted Antiques.
 28775 | Orc:2    | Reached skill level 1 in Stealth
 28879 | Orc:2    | Bought a potion of mutation for 184 gold pieces
 28879 | Orc:2    | Bought a potion of mutation for 184 gold pieces
 28879 | Orc:2    | Lost mutation: You are dopey. (Int -2) [potion of mutation]
 28879 | Orc:2    | Gained mutation: You have a pair of large horns on your
                  | head. [potion of mutation]
 28879 | Orc:2    | Gained mutation: You are occasionally teleported next to
                  | monsters. [potion of mutation]
 28880 | Orc:2    | Lost mutation: You have a pair of large horns on your head.
                  | [potion of mutation]
 28880 | Orc:2    | Lost mutation: You are occasionally teleported next to
                  | monsters. [potion of mutation]
 28880 | Orc:2    | Gained mutation: Your body sometimes deteriorates upon
                  | taking damage. [potion of mutation]
 28880 | Orc:2    | Gained mutation: You occasionally lose the ability to drink
                  | potions when taking damage. [potion of mutation]
 28880 | Orc:2    | Gained mutation: You are frail. (-10% HP) [potion of
                  | mutation]
 28880 | Orc:2    | Gained mutation: You are somewhat resistant to further
                  | mutation. [potion of mutation]
 29012 | Bazaar   | Entered a bazaar
 29012 | Bazaar   | Found Xommytoh's Magic Scroll Shoppe.
 29012 | Bazaar   | Found Etzeheonoz's Antique Armour Shoppe.
 29012 | Bazaar   | Found Sack's Distillery.
 29014 | Bazaar   | Found Harad's Armour Emporium.
 29027 | Bazaar   | Bought a scorched plate armour for 560 gold pieces
 29027 | Bazaar   | Identified the +3 plate armour of the Scribe {Regen+ rCorr
                  | Int-2 Dex+4} (You bought it in a shop in a bazaar)
 29052 | Bazaar   | Bought a scroll of identify for 20 gold pieces
 29052 | Bazaar   | Bought a scroll of identify for 20 gold pieces
 29052 | Bazaar   | Bought a scroll of teleportation for 30 gold pieces
 29052 | Bazaar   | Bought a scroll of identify for 20 gold pieces
 29055 | Bazaar   | Bought a potion of haste for 120 gold pieces
 29055 | Bazaar   | Bought a potion of heal wounds for 60 gold pieces
 29055 | Bazaar   | Bought a potion of might for 48 gold pieces
 29105 | Elf:1    | Entered Level 1 of the Elven Halls
 29162 | Elf:1    | Noticed Jorgrun
 29176 | Elf:1    | Killed Jorgrun
 29306 | Elf:1    | Noticed a deep elf sorcerer
 29315 | Elf:1    | Killed a deep elf sorcerer
 29383 | Elf:1    | Reached ****** piety under Trog
 29513 | Elf:1    | Reached XP level 16. HP: 114/148 MP: 15/15
 29533 | Elf:1    | Received a gift from Trog
 29599 | Elf:1    | Killed from afar by a deep elf zephyrmancer

Illustrated notes

Levels and vault maps discovered:
D:1:      psy_arrival_heroes, layout_basic, serial_shops, shop,
          chequers_serial_rivers_large_b
D:2:      layout_basic, ebering_ecumenical_altar_petrified
D:3:      layout_basic, minmay_misc_feat_x, hangedman_decor_push,
          glass_columns_b, minmay_misc_feat_secret_circle, minivault_26,
          uniq_crazy_yiuf_cottage
D:4:      layout_cave_pools, nicolae_wu_jian_immortal_techniques,
          lightli_ossuary_entry_decrepit_ruins
D:5:      layout_cave_pods, lemuel_tele_altar,
          minmay_temple_entry_statues_fountains, minivault_1, uniq_ijyb,
          uniq_edmund
D:6:      layout_loops_corners, tso_altar, uniq_grinder, uniq_prince_ribbit1
D:7:      minmay_s_stair_smasher, layout_basic,
          nicolae_hepliaklqana_hazy_memory, nicolae_shop_i_like_big_books,
          minmay_misc_feat_ornament, chequers_arboretum,
          hellmonk_bongcloud_opening, uniq_joseph, uniq_maggie
D:8:      layout_rooms, grunt_ashenzari_visionary
          [grunt_ashenzari_visionary_shoals, grunt_ashenzari_visionary_spider],
          nicolae_overflow_hallway_of_the_gods, lair_entry_dummy, serial_shops,
          shop, shop_statue, hangedman_decor_riveting
D:9:      layout_basic, nicolae_overflow_hidden_temple,
          ebering_ghost_disaster_area
D:10:     layout_irregular_city, grunt_temple_overflow_forces_of_nature,
          grunt_gozag_breadcrumbs, mainiacjoe_overflow_alcove_4,
          minmay_orc_entry_guard_dogs, gammafunk_ghost_berserking_beasts,
          serial_shops, shop, fountainhead, bh_hangedman_babel_library,
          uniq_amaemon, uniq_snorg
D:11:     layout_loops_ring, nicolae_shop_overcharged_wands
D:12:     layout_rooms, serial_shops, nicolae_shop_overgrown_old_shop,
          ebering_ghost_rock_garden
D:13:     layout_rooms, serial_shops, shop, zin_statuary
D:14:     layout_small_grid, david_vaults_5, corner_web_ring,
          lemuel_flamethrower_3, uniq_rupert, uniq_lodul
D:15:     hangedman_depths_entry_civil_slaughter, layout_cave_pools,
          dreamdust_princess_bridge, chequers_serial_rivers_micro_d, minivault_7
Lair:1:   layout_loops_ring, grunt_megastairs_2, infiniplex_staircase_pool,
          uniq_gastronok, uniq_grum
Lair:2:   layout_hall_layers, hellmonk_spider_entry_not_the_bees,
          grunt_megastairs_1
Lair:3:   layout_gridlike, shoals_dummy_entry, lemuel_oklob_altar,
          lemuel_fruit_tree
Lair:4:   layout_gridlike, gammafunk_ghost_arena, fungi_pond_lemuel
Lair:5:   grunt_lair_end_beastmaster, layout_cave_pods, slime_entry_2,
          serial_bayou_shore_a, uniq_kirke
Spider:1: layout_cave_pods, einodemon_crawler_minivault, uniq_louise
Orc:1:    layout_diamond_mine, serial_shops,
          regret_index_minedec_guest_junction, chequers_guarded_unrand_ignorance
Orc:2:    st_orc_town, layout_diamond_mine, serial_shops, freezing_bzr,
          uniq_saint_roka
Elf:1:    elf_arrival_001, layout_geoelf_grid, guppyfry_elf_altar,
          minmay_the_grid_square_5x5_3x3_mashed
          [minmay_the_grid_square_5x5_spiral,
          minmay_the_grid_square_5x5_minivault,
          minmay_the_grid_square_5x5_sharp_hourglass,
          minmay_the_grid_square_5x5_forky,
          minmay_the_grid_square_5x5_megaprize_hollow,
          minmay_the_grid_square_5x5_shrine2,
          minmay_the_grid_square_5x5_two_walls_b,
          minmay_the_grid_square_5x5_doubleslash,
          minmay_the_grid_square_5x5_spiral_small], hangedman_decor_cross_pass,
          uniq_jorgrun

Skill      XL: |  1  2  3  4  5  6  7  8  9 10 11 12 13 14 15 16 |
---------------+-------------------------------------------------+-----
Axes           | 4 5 6 7 10 12 14 16 | 16.0
Fighting       | 4 5 6 7 9 10 12 14 17 18 20 | 20.5
Dodging        | 3 4 7 8 |  8.3
Shields        | 2 3 5 10 | 10.0
Armour         | 4 7 8 11 13 16 18 19 | 19.3
Stealth        | 3 |  3.6

Action                     |  1- 3 |  4- 6 |  7- 9 | 10-12 | 13-15 | 16-18 || total
---------------------------+-------+-------+-------+-------+-------+-------++-------
  Melee: Hand axe          |    82 |   180 |   295 |     9 |       |       ||   566
         Headbutt          |    18 |    39 |    58 |   134 |   282 |    11 ||   542
         Punch             |     1 |     1 |       |       |       |       ||     2
         War axe           |       |       |       |   526 |   987 |    42 ||  1555
 Invoke: Berserk           |       |     3 |    17 |    18 |     8 |       ||    46
         Trog's Hand       |       |       |     5 |       |     3 |     1 ||     9
         Brothers in Arms  |       |       |       |       |     4 |       ||     4
    Use: Scroll            |       |     4 |       |     6 |    14 |       ||    24
         Potion            |       |       |     2 |       |     8 |     1 ||    11
   Stab: Petrifying        |       |       |       |       |     1 |       ||     1
 Armour: Animal skin       |    12 |    30 |     9 |       |       |       ||    51
         Skin              |       |       |    35 |       |       |       ||    35
         Ring mail         |       |       |    64 |   175 |   349 |       ||   588
         Plate armour      |       |       |       |       |    32 |    25 ||    57
  Dodge: Dodged            |    55 |    69 |   106 |   236 |   210 |     5 ||   681
  Block: Buckler           |       |    22 |    89 |   259 |    93 |       ||   463
         Reflection        |       |       |       |       |    27 |     4 ||    31
         Kite shield       |       |       |       |       |   439 |    27 ||   466

Table legend: (Time is in decaauts)
 A = Elapsed time spent in this place.
 B = Non-inter-level travel time spent in this place.
 C = Inter-level travel time spent in this place.
 D = Time resting spent in this place.
 E = Time spent auto-exploring this place.
 F = Levels seen in this place.
 G = Mean time per level.
                   A        B        C        D        E       F      G
               +--------+--------+--------+--------+--------+-----+--------+
         Total |  29479 |  28361 |   1118 |   8737 |  14095 |  26 | 1133.8 |
       Dungeon |  18491 |  17959 |    532 |   5589 |   8822 |  15 | 1232.7 |
          Lair |   7630 |   7210 |    420 |   2487 |   3444 |   5 | 1526.0 |
   Spider Nest |      1 |      1 |      0 |      0 |      0 |   1 |    1.0 |
  Orcish Mines |   2270 |   2104 |    166 |    246 |   1558 |   2 | 1135.0 |
   Elven Halls |    451 |    451 |      0 |     72 |    207 |   1 |  451.0 |
        Bazaar |     49 |     49 |      0 |      0 |      0 |   1 |   49.0 |
       Ossuary |    584 |    584 |      0 |    341 |     63 |   1 |  584.0 |
               +--------+--------+--------+--------+--------+-----+--------+

Top non-repeatable levels by time:
     D:7: 2411 daAuts
    D:10: 2316 daAuts
     D:9: 2176 daAuts
  Lair:5: 1894 daAuts
     D:6: 1879 daAuts
  Lair:1: 1578 daAuts
  Lair:3: 1534 daAuts
  Lair:2: 1480 daAuts
   Orc:2: 1467 daAuts
     D:2: 1457 daAuts
     D:8: 1436 daAuts
  Lair:4: 1142 daAuts
     D:5: 1116 daAuts
    D:14: 1112 daAuts
     D:3: 1031 daAuts
